 Dungeon Crawl Stone Soup version 0.31-a0-102-g33a4ccc0cb (webtiles) character file.

Game seed: 11707630723606842482

60 Sobieck the Conjurer (level 3, 0/19 HPs)
             Began as a Deep Elf Conjurer on May 26, 2023.
             Slain by Duvessa
             ... wielding a +1 short sword of electrocution
              (10 damage)
             ... on level 4 of the Dungeon.
             The game lasted 00:01:52 (3019 turns).

Sobieck the Conjurer (Deep Elf Conjurer)            Turns: 3019, Time: 00:01:53

Health: 0/19       AC:  2    Str:  4    XL:     3   Next: 82%
Magic:  1/10       EV: 12    Int: 24    God:
Gold:   126        SH:  0    Dex: 13    Spells: 7/10 levels left

rFire   . . .        (no weapon)
rCold   + . .        (no shield)
rNeg    . . .        a - +0 robe
rPois   .            (no helmet)
rElec   .            (no cloak)
rCorr   .            (no gloves)
SInv    .            (no boots)
Will    .....        (no amulet)
Stlth   +            c - ring of protection from cold
HPRegen 0.23/turn    (no ring)
MPRegen 0.12/turn

%: no passive effects
@: lit by a corona, glowing
A: no striking features
a: no special abilities


You were on level 4 of the Dungeon.
You visited 1 branch of the dungeon, and saw 4 of its levels.

You collected 126 gold pieces.

Inventory:

Armour
 a - a +0 robe (worn)
 g - a +0 buckler
 p - a +0 helmet
 r - a +0 helmet
Jewellery
 c - a ring of protection from cold (left hand)
 j - a ring of ice
Scrolls
 d - 5 scrolls of identify {unknown}
 f - a scroll of teleportation {unknown}
 k - a scroll of fear {unknown}
 m - a scroll of torment {unknown}
 n - a scroll of noise {unknown}
Potions
 b - a potion of magic
 e - a potion of ambrosia {unknown}
 h - 2 potions of curing {unknown}
 i - 4 potions of attraction {unknown}
 l - a potion of mutation {unknown}
 o - a potion of experience {unknown}
 q - a potion of enlightenment {unknown}


   Skills:
 - Level 2.4 Dodging
 - Level 2.4 Stealth
 + Level 4.2 Spellcasting
 + Level 5.0 Conjurations
 + Level 2.4 Hexes


You had 7 spell levels left.
You knew the following spells:

 Your Spells              Type           Power      Damage    Failure   Level
a - Magic Dart            Conj           100%       1d8       1%          1
b - Searing Ray           Conj           58%        2d6       1%          2

Your spell library contained the following spells:

 Spells                   Type           Power      Damage    Failure   Level
 Dazzling Flash           Conj/Hex       40%        N/A       8%          3
 Fulminant Prism          Conj/Hex       10%        3d9       26%         4
 Iskenderun's Mystic Bla  Conj/Tloc      14%        2d5       38%         4


Dungeon Overview and Level Annotations

Branches:
Dungeon (4/15)
 Temple: D:4-7

Altars:
Okawaru
Uskayaw

Annotations:
D:2 1 runed translucent door, Crazy Yiuf
D:4 Dowan, Duvessa


Message History

There is a stone staircase leading up here.
Unknown command.
Casting: Magic Dart (safe; 1% risk of failure)
Confirm with . or Enter, or press ? or * to list all spells.
Aiming: Searing Ray (safe; 1% risk of failure)
Press: ? - help, Shift-Dir - straight line, f - you
Okay, then.
Dowan casts a spell.
Dowan blinks!
Casting: Searing Ray (safe; 1% risk of failure)
Confirm with . or Enter, or press ? or * to list all spells.
Aiming: Searing Ray (safe; 1% risk of failure)
Press: ? - help, Shift-Dir - straight line, f - Duvessa
Aim: Duvessa, wielding a +1 short sword of electrocution and wearing a +0 leather armour (82% to hit)
The searing ray hits Duvessa!
Duvessa is moderately wounded. (Press . to maintain the ray.) Unknown command.
The searing ray hits Duvessa but does no damage.
Duvessa is moderately wounded.
The searing ray misses Duvessa.
The searing ray hits Duvessa.
Duvessa is moderately wounded.
You finish channelling your searing ray.
Duvessa hits you but does no damage.
Casting: Searing Ray (safe; 1% risk of failure)
Confirm with . or Enter, or press ? or * to list all spells.
Aiming: Searing Ray (safe; 1% risk of failure)
Press: ? - help, Shift-Dir - straight line, f/p - Duvessa
Aim: Duvessa, wielding a +1 short sword of electrocution and wearing a +0 leather armour (moderately wounded, 82% to hit)
The searing ray hits Duvessa.
Duvessa is heavily wounded. (Press . to maintain the ray.) Dowan gestures wildly while chanting.
Dowan blinks!
Casting: Searing Ray (safe; 1% risk of failure)
Confirm with . or Enter, or press ? or * to list all spells.
Restarting spell: Searing Ray (safe; 1% risk of failure)
Press: ? - help, Shift-Dir - straight line, f/p - Duvessa
Aim: Duvessa, wielding a +1 short sword of electrocution and wearing a +0 leather armour (heavily wounded, 82% to hit)
The searing ray hits Duvessa.
Duvessa is heavily wounded. (Press . to maintain the ray.) Duvessa says, "When magic and the sword combine, nothing stands against them."
Duvessa hits you with a +1 short sword of electrocution!
Dowan casts a spell at Duvessa.
Duvessa seems to speed up.
Duvessa hits you with a +1 short sword of electrocution!
Ouch! That really hurt!
You die...

....# #####......#.#..#.# ...#
#...............### ..##
##.........##......# ..#
######.........##.##....#
.#####.......................#
........>.....#.............##
.............##................#
....................###..e..#....
................@......#....##..#
.........#......e...............#
.........##.....................e
...#...............<............?
...#.......##........e.........#.
.....##.##..##................
...... .. ..##..........>. ......
##. .........#....


You could see Duvessa (fast) and Dowan.

Vanquished Creatures
  3 adders
  3 orcs (D:3)
  4 ball pythons
  A giant cockroach (D:2)
  4 hobgoblins
  4 bats
  4 frilled lizards
  A goblin (D:3)
  7 kobolds
  2 rats
33 creatures vanquished.

Notes
Turn   | Place    | Note
-------+----------+-------------------------------------------
     0 | D:1      | Sobieck the Deep Elf Conjurer began the quest for the Orb.
     0 | D:1      | Reached XP level 1. HP: 10/10 MP: 6/6
   757 | D:1      | Reached skill level 1 in Hexes
   923 | D:2      | Reached XP level 2. HP: 15/15 MP: 4/8
   929 | D:2      | Learned a level 2 spell: Searing Ray
  1497 | D:2      | Found a runed translucent door.
  1498 | D:2      | Noticed Crazy Yiuf
  1851 | D:3      | Reached XP level 3. HP: 19/19 MP: 8/10
  2036 | D:3      | Found a hide-covered altar of Uskayaw.
  2744 | D:3      | Found an iron altar of Okawaru.
  2749 | D:3      | Reached skill level 5 in Conjurations
  2998 | D:4      | Noticed Dowan
  2999 | D:4      | Noticed Duvessa
  3019 | D:4      | Slain by Duvessa

Illustrated notes

Levels and vault maps discovered:
D:1:      dpeg_arrival_castle, layout_basic, hangedman_decor_lopped
D:2:      layout_rooms, uniq_crazy_yiuf_cottage
D:3:      layout_basic, grunt_temple_overflow_open, kennysheep_generic_room_14
D:4:      layout_cave_pools, minmay_temple_entry_fiery, nicolae_titane,
          uniq_duvessa

Skill      XL: |  1  2  3 |
---------------+----------+-----
Hexes          | 1 2 |  2.4
Spellcasting   | 4 |  4.2
Conjurations   | 5 |  5.0
Dodging        | |  2.4
Stealth        | |  2.4

Action                     || total
---------------------------++-------
   Cast: Magic Dart        ||    60
         Searing Ray       ||     5
 Armour: Robe              ||     3
  Dodge: Dodged            ||     2

Table legend: (Time is in decaauts)
 A = Elapsed time spent in this place.
 B = Non-inter-level travel time spent in this place.
 C = Inter-level travel time spent in this place.
 D = Time resting spent in this place.
 E = Time spent auto-exploring this place.
 F = Levels seen in this place.
 G = Mean time per level.
                   A        B        C        D        E       F      G
               +--------+--------+--------+--------+--------+-----+--------+
         Total |   3023 |   2898 |    125 |     24 |   2696 |   4 |  755.8 |
       Dungeon |   3023 |   2898 |    125 |     24 |   2696 |   4 |  755.8 |
               +--------+--------+--------+--------+--------+-----+--------+

Top non-repeatable levels by time:
     D:3: 1228 daAuts
     D:1: 920 daAuts
     D:2: 807 daAuts
     D:4: 67 daAuts
